details: 'apmcheck'

« prev index next »

General information

Mini Map

Players

team 1
OrcMaSiWei (purple | 155 APM | 1582 actions | 10:10)
Hero icon 2 Far Seer
Ability icon 1 Feral Spirit
Ability icon 1 Chain Lighting
Hero icon 1 Shadow Hunter
Ability icon 1 Hex

» actions
Assign group hotkey16
Basic commands48
Build / train25
Enter build submenu14
Enter hero's abilities submenu3
Give item / drop item1
Right click927
Select / deselect272
Select group hotkey235
Use ability41
1582 total
» units
Peon8
Wind Rider3
11 total
» upgrades
Armor1
1 total
» buildings
Altar of Storms1
Orc Burrow5
Voodoo Lounge2
War Mill1
Stronghold1
Beastiary2
Fortress1
Barracks1
14 total
» build order
00:04 Altar of Storms
00:05 Orc Burrow
00:27 Voodoo Lounge
01:22 Orc Burrow
01:52 War Mill
03:00 Stronghold
03:23 Orc Burrow
03:44 Orc Burrow
05:27 Beastiary
05:29 Beastiary
05:30 Orc Burrow
06:53 Fortress
09:07 Voodoo Lounge
09:47 Barracks
» items
Healing Salve2
Lesser Clarity Potion3
Potion of Healing1
6 total
team 2
Undeadsyp4kik (orange | 44 APM | 448 actions | 10:09)
Hero icon 2 Dreadlord
Ability icon 1 Vampiric Aura
Ability icon 1 Carrion Swarm

» actions
Basic commands5
Build / train40
Enter build submenu20
Enter hero's abilities submenu2
Remove unit from queue1
Right click216
Select / deselect140
Use ability24
448 total
» units
Acolyte6
Ghoul18
Crypt Fiend2
26 total
» buildings
Ziggurat11
Altar of Darkness1
Crypt1
Graveyard1
Tomb of Relics1
Spirit Tower3
Nerubian Tower1
Halls of the Dead3
Slaughterhouse1
23 total
» build order
00:05 Ziggurat
00:10 Altar of Darkness
00:27 Crypt
01:07 Graveyard
01:27 Tomb of Relics
01:39 Ziggurat
02:49 Spirit Tower
03:15 Nerubian Tower
04:15 Ziggurat
05:01 Ziggurat
05:25 Ziggurat
06:13 Spirit Tower
06:32 Spirit Tower
07:07 Halls of the Dead
07:08 Halls of the Dead
07:08 Halls of the Dead
07:12 Ziggurat
07:15 Ziggurat
07:18 Ziggurat
08:37 Spirit Tower
08:59 Ziggurat
09:02 Ziggurat
09:08 Ziggurat
09:37 Slaughterhouse
» items
Sacrificial Skull1
Rod of Necromancy1
2 total